 Dungeon Crawl Stone Soup version bcrawl-1.28.4 (webtiles) character file.

Game seed: 17494071997838208487

390927 Morbidden the Zephyrmancer (level 11, -3/92 HPs)
             Began as a Djinni Air Elementalist on Jan 4, 2021.
             Was a Priest of Cheibriados.
             Slain by a cyan ugly thing (16 damage)
             ... on level 10 of the Dungeon.
             The game lasted 00:27:13 (11213 turns).

Morbidden the Zephyrmancer (DjAE)                  Turns: 11213, Time: 00:27:14

Health: -3/92      AC: 16    Str: 26    XL:     11   Next: 85%
Magic:  4/26       EV: 12    Int: 29    God:    Cheibriados [***...]
Gold:   833        SH:  0    Dex: 16    Spells: 25/33 levels left

rFire    + . .     SeeInvis .   f - +1 short sword (elec)
rCold    . . .     Gourm    .   (no shield)
rNeg     . . .     Faith    .   O - +0 troll leather armour
rPois    +         Spirit   .   D - +1 hat
rElec    .         Reflect  .   L - +2 cloak
rCorr    .         Harm     .   C - +4 pair of gloves "Muruneav" {rPois rF+ MR+ Dex-3}
MR       ++...     Rnd*Rage +   (boots unavailable)
Stlth    +.........             (no amulet)
HPRegen  0.65/turn              J - +7 ring of strength
MPRegen  0.20/turn              v - +3 ring of protection

@: flying, heavily drained, very slow
A: never pass out, berserk 2, blink, blurry vision 2, wild magic 3, MP-powered
wands, floating
a: Blink, Bend Time, Temporal Distortion, Renounce Religion


You were on level 10 of the Dungeon.
You worshipped Cheibriados.
Cheibriados was most pleased with you.
You were hungry.

You visited 2 branches of the dungeon, and saw 11 of its levels.

You collected 833 gold pieces.

Inventory:

Hand Weapons
 c - a +1 dagger of electrocution
 f - a +1 short sword of electrocution (weapon)
 w - a +2 long sword of freezing
Missiles
 m - 190 poisoned tomahawks (quivered)
Armour
 n - a +0 plate armour of cold resistance
 B - the +1 chain mail "Fucum" {rC+++ Regen+ MP-9 Dex-2}
   (You took it off an orc warrior on level 6 of the Dungeon)

   It affects your dexterity (-2).
   It renders you almost immune to cold.
   It affects your magic capacity (-9).
   It increases your rate of regeneration.
 C - the +4 pair of gloves "Muruneav" (worn) {rPois rF+ MR+ Dex-3}
   (You found it on level 6 of the Dungeon)

   It affects your dexterity (-3).
   It protects you from fire.
   It protects you from poison.
   It affects your resistance to hostile enchantments.
 D - a +1 hat (worn)
 K - +0 steam dragon scales
 L - a +2 cloak (worn)
 O - a +0 troll leather armour (worn)
 P - a +2 medium shield
Jewellery
 l - an uncursed ring of fire
 t - the ring of Paxzaap {Ice +Blink}
   (You found it on level 4 of the Dungeon)

   [ring of ice]

   It enhances your ice magic.
   It makes you vulnerable to fire.
   It protects you from cold.
   It lets you blink.
 v - a +3 ring of protection (right hand)
 y - an uncursed amulet of magic regeneration
 E - a +5 amulet of reflection
 J - a +7 ring of strength (left hand)
Wands
 d - a wand of random effects (19)
 o - a wand of polymorph (6)
 G - a wand of enslavement (5)
Scrolls
 g - a scroll of teleportation
 q - a scroll of enchant armour
 u - 5 scrolls of remove curse
 x - 3 scrolls of enchant weapon
 z - 5 scrolls of immolation
 H - a scroll of magic mapping
 I - a scroll of amnesia
 N - a scroll of fog {unknown}
Potions
 a - 4 potions of heal wounds
 b - 4 potions of resistance {unknown}
 h - 2 potions of berserk rage {unknown}
 i - a potion of agility
 j - a potion of brilliance {unknown}
 k - 3 potions of curing
 p - 4 potions of lignification {unknown}
 s - a potion of cancellation
 A - 2 potions of flight
Comestibles
 e - 21 rations {!d}


   Skills:
 * Level 7.0(4.5) Fighting
 + Level 4.6(2.3) Short Blades
 + Level 2.0(0.0) Throwing
 + Level 3.5(1.3) Armour
 + Level 4.1(1.9) Dodging
 + Level 2.5(0.4) Stealth
 * Level 3.8(1.6) Shields
 + Level 11.7(8.9) Spellcasting
 * Level 8.1(5.5) Conjurations
 * Level 12.2(9.4) Air Magic
 * Level 3.9(1.6) Invocations


You had 25 spell levels left.
You knew the following spells:

 Your Spells              Type           Power        Failure   Level  Hunger
a - Airstrike             Air            #######...   6%          4    ##.....
b - Static Discharge      Air            #######.     3%          3    None
c - Shock                 Conj/Air       #####        3%          1    None

Your spell library contained the following spells:

 Spells                   Type           Power        Failure   Level  Hunger
 Swiftness                Chrm/Air       ######..     7%          2    None
 Lightning Bolt           Conj/Air       #######...   21%         5    ####...


Dungeon Overview and Level Annotations

Branches:
Dungeon (10/12)            Temple (1/1) D:7            Lair (0/6) D:7
    Orc: D:8-11

Altars:
Ashenzari
Cheibriados
Dithmenos
Elyvilon
Fedhas
Gozag
Hepliaklqana
Kikubaaqudgha
Lugonu
Makhleb
Nemelex Xobeh
Okawaru
Qazlal
Ru
Sif Muna
Trog
Uskayaw
Vehumet
Wu Jian
Xom
Yredelemnul
Zin
The Shining One
Beogh

Annotations:
D:4 1 runed door
D:5 Menkaure
D:6 exclusion: 2 doors, yrara's ghost, novice DsFi


Innate Abilities, Weirdness & Mutations

You never pass out after going berserk.
You often lose your temper in combat.
You can translocate small distances at will.
Scrolls take you longer to read.
Your spells are much harder to cast, but much more powerful.
You expend magic power (3 MP) to strengthen your wands.
Your body floats in the air.


Message History

You feel drained.
You hit the centaur warrior but do no damage.
The centaur warrior is almost dead.
The centaur warrior hits you with a +2 mace of draining!
You feel drained.
You hit the centaur warrior but do no damage.
Lightning courses through the centaur warrior!!
You kill the centaur warrior!
Cheibriados thoroughly appreciates the change of pace.
Cheibriados raises the support of your attributes as your movement slows.
Your base Fighting skill increases to level 7!
Unknown command.
Your blurry vision makes reading the scroll take longer!
The cyan ugly thing stings you! The cyan ugly thing shocks you!
* * * LOW HITPOINT WARNING * * *
You begin reading the scroll.
You continue reading the scroll.
The cyan ugly thing stings you.
* * * LOW HITPOINT WARNING * * *
The cyan ugly thing shocks you!
You die...

.###.###.### ###.###..#
.....#.##..# #)..[##...
####.#..))## #####.#..# #.##.#)##
##....##..# #.##....# ..#####)#..#
#.#..##.# ..##(...##..#
####.###.### #### #.#####.###..#
.....###|# ####..##ug.# #.#.##...
.###.#...###..#=@#)Z# #.#.#.#.##
.# #.#.#.#)..#.##u# #.#.#.#..# .#
#.###...#.#..### # #[#.#..# .###.#
#.######.# ##)##...
...#.#####################.###.##
.#.#....รท........................
.#.#..#########)###...######....#
.#.#.#### ##..#.#.## ######
..#.....######....##.# #


You could see a cyan ugly thing.

Vanquished Creatures
  A hydra (D:8)
  4 centaur warriors
  A two-headed ogre (D:10)
  An unseen horror (D:10)
  A wolf spider (D:10)
  A deep elf mage (D:10)
  A gargoyle (D:10)
  2 kobold demonologists (D:10)
  A yaktaur (D:9)
  2 trolls (D:10)
  Grinder (D:5)
  A hippogriff (D:6)
  3 yaks (D:10)
  Eustachio (D:5)
  A steam dragon (D:9)
  A vampire mosquito (D:8)
  Edmund (D:7)
  3 crocodiles
  3 porcupines (D:7)
  3 sky beasts
  An ice beast (D:5)
  3 orc warriors
  An eye of draining (D:10)
  2 phantoms
  3 black bears (D:7)
  5 ogres
  5 centaurs
  9 bullfrogs
  Blork the orc (D:4)
  A gnoll sergeant (D:10)
  A water moccasin zombie (D:7)
  2 scorpions
  A wight (D:10)
  5 killer bees (D:8)
  6 howler monkeys
  A centaur zombie (D:8)
  7 crimson imps
  A bullfrog skeleton (D:3)
  9 jellies
  2 hounds
  2 orc priests
  3 centaur skeletons
  3 iguanas
  Ijyb (D:3)
  A gnoll shaman (D:6)
  6 orc wizards
  10 worker ants
  A hound zombie (D:5)
  A worker ant zombie (D:5)
  A howler monkey skeleton (D:7)
  21 gnolls
  13 adders
  2 shadow imps
  5 oozes (D:10)
  2 adder skeletons
  8 worms
  2 dart slugs (D:1)
  4 leopard geckos
  35 orcs
  4 giant cockroaches
  5 goblins
  10 hobgoblins
  13 jackals
  8 kobolds
  6 quokkas
  6 bats
  13 frilled lizards
  5 rats
290 creatures vanquished.

Vanquished Creatures (others)
  7 fungi (D:7)
  A plant (D:7)
8 creatures vanquished.

Grand Total: 298 creatures vanquished

Notes
Turn   | Place    | Note
-------+----------+-------------------------------------------
     0 | D:1      | Morbidden the Djinni Air Elementalist began the quest for
                  | the Orb.
     0 | D:1      | Reached XP level 1. HP: 14/14 MP: 4/4
   219 | D:1      | Reached skill level 4 in Air Magic
   219 | D:1      | Reached XP level 2. HP: 3/20 MP: 0/6
   695 | D:1      | Reached XP level 3. HP: 27/27 MP: 2/8
  1237 | D:2      | Reached skill level 1 in Fighting
  1287 | D:2      | Found a faded altar of an unknown god.
  1710 | D:2      | Found a basalt altar of Yredelemnul.
  1719 | D:2      | Found a shimmering altar of Xom.
  1734 | D:2      | Found an ornate altar of the Wu Jian Council.
  1736 | D:2      | Gained mutation: Your spells are harder to cast, but more
                  | powerful. [Djinni growth]
  1736 | D:2      | Gained mutation: You can translocate small distances at
                  | will. [Djinni growth]
  1736 | D:2      | Reached XP level 4. HP: 35/35 MP: 7/9
  1747 | D:2      | Found a bloodstained altar of Trog.
  2186 | D:2      | Learned a level 3 spell: Static Discharge
  2263 | D:3      | Reached skill level 5 in Air Magic
  2263 | D:3      | Reached XP level 5. HP: 40/40 MP: 6/11
  2711 | D:3      | Reached skill level 5 in Spellcasting
  3030 | D:3      | Reached XP level 6. HP: 48/48 MP: 11/13
  3148 | D:3      | Noticed Ijyb
  3166 | D:3      | Killed Ijyb
  3574 | D:4      | Noticed Blork the orc
  3593 | D:4      | Killed Blork the orc
  3594 | D:4      | Reached XP level 7. HP: 56/56 MP: 11/16
  3652 | D:4      | Learned a level 4 spell: Airstrike
  3978 | D:4      | Found a runed door.
  4093 | D:4      | Got a heavily runed lapis lazuli ring
  4140 | D:4      | Reached skill level 1 in Short Blades
  4586 | D:4      | Identified the ring of Paxzaap {Ice +Blink} (You found it
                  | on level 4 of the Dungeon)
  4615 | D:5      | Entered Level 5 of the Dungeon
  4629 | D:5      | Reached skill level 1 in Armour
  4648 | D:5      | Reached skill level 6 in Air Magic
  4725 | D:5      | Got a polished dagger
  4728 | D:5      | Identified the cursed +1 dagger of Tartarus {pierce, Int+4}
                  | (You found it on level 5 of the Dungeon)
  4753 | D:5      | Noticed Eustachio
  4762 | D:5      | Killed Eustachio
  4763 | D:5      | Reached skill level 5 in Conjurations
  4763 | D:5      | Gained mutation: Your spells are much harder to cast, but
                  | much more powerful. [Djinni growth]
  4763 | D:5      | Reached XP level 8. HP: 57/66 MP: 16/18
  4769 | D:5      | Reached skill level 1 in Throwing
  4889 | D:5      | Noticed Menkaure
  5393 | D:5      | Noticed Grinder
  5395 | D:5      | Paralysed by Grinder for 4 turns
  5403 | D:5      | Paralysed by Grinder for 3 turns
  5435 | D:5      | Killed Grinder
  5722 | D:6      | Reached XP level 9. HP: 67/72 MP: 20/20
  6056 | D:6      | Reached skill level 7 in Air Magic
  6142 | D:6      | Reached skill level 5 in Fighting
  6356 | D:6      | Noticed yrara's ghost (novice DsFi)
  6357 | D:6      | Found a runed translucent gate.
  6358 | D:6      | Found a runed translucent gate.
  6359 | D:6      | Found a roughly hewn altar of Beogh.
  6359 | D:6      | Found a runed translucent gate.
  6361 | D:6      | Identified the cursed +1 battleaxe of Abyhuxt Ceis {chop,
                  | *Noise rN+ Dex+4}
  6361 | D:6      | Identified the +1 chain mail "Fucum" {rC+++ Regen+ MP-9
                  | Dex-2}
  6794 | D:6      | Got a pair of crude gloves
  6810 | D:6      | Identified the +4 pair of gloves "Muruneav" {rPois rF+ MR+
                  | Dex-3} (You found it on level 6 of the Dungeon)
  7062 | D:7      | Reached skill level 8 in Air Magic
  7098 | D:7      | Noticed Edmund
  7106 | D:7      | Killed Edmund
  7216 | D:7      | Found a staircase to the Lair.
  7279 | D:7      | Reached XP level 10. HP: 81/81 MP: 18/23
  7517 | D:7      | Found a staircase to the Ecumenical Temple.
  7613 | Temple   | Entered the Ecumenical Temple
  7759 | Temple   | Became a worshipper of Cheibriados the Contemplative
  8208 | D:8      | Found a glowing golden altar of the Shining One.
  8270 | D:8      | Reached skill level 1 in Shields
  8312 | D:8      | Noticed a centaur warrior
  8316 | D:8      | Killed a centaur warrior
  8317 | D:8      | Reached skill level 10 in Spellcasting
  8317 | D:8      | Reached skill level 9 in Air Magic
  8317 | D:8      | Reached skill level 1 in Invocations
  8444 | D:8      | Noticed a six-headed hydra
  8517 | D:8      | Reached * piety under Cheibriados
  8726 | D:8      | Killed a six-headed hydra
  9005 | D:9      | Reached skill level 10 in Air Magic
  9473 | D:9      | Found a shadowy altar of Dithmenos.
  9474 | D:9      | Found a hazy altar of Hepliaklqana.
  9644 | D:10     | Entered Level 10 of the Dungeon
  9905 | D:10     | Noticed a wolf spider
  9913 | D:10     | Reached XP level 11. HP: 89/89 MP: 15/25
  9928 | D:10     | Noticed a two-headed ogre
  9971 | D:10     | Reached ** piety under Cheibriados
 10167 | D:10     | Killed a two-headed ogre
 10254 | D:10     | Killed a wolf spider
 10436 | D:10     | Reached skill level 11 in Air Magic
 10517 | D:10     | Noticed a centaur warrior
 10523 | D:10     | Killed a centaur warrior
 10973 | D:10     | Reached *** piety under Cheibriados
 11042 | D:10     | Noticed a centaur warrior
 11047 | D:10     | Killed a centaur warrior
 11104 | D:10     | Killed an unseen horror
 11180 | D:10     | Noticed a deep elf mage
 11184 | D:10     | Reached skill level 12 in Air Magic
 11197 | D:10     | Killed a deep elf mage
 11198 | D:10     | Noticed a centaur warrior
 11198 | D:10     | Noticed a cyan ugly thing
 11211 | D:10     | Killed a centaur warrior
 11213 | D:10     | Slain by a cyan ugly thing

Skill      XL: |  1  2  3  4  5  6  7  8  9 10 11 |
---------------+----------------------------------+-----
Air Magic      | 4 5 6 8 10 12 | 12.2
Fighting       | 1 2 3 4 5 6 7 |  7.0
Conjurations   | 2 3 4 5 6 7 8 |  8.1
Spellcasting   | 4 5 6 7 9 10 11 | 11.7
Short Blades   | 2 4 |  4.6
Armour         | 1 2 3 |  3.5
Stealth        | 2 |  2.5
Throwing       | 1 2 |  2.0
Dodging        | 3 4 |  4.1
Shields        | 2 3 |  3.8
Invocations    | 2 3 |  3.9

Action                   |  1- 3 |  4- 6 |  7- 9 | 10-12 || total
-------------------------+-------+-------+-------+-------++-------
Melee: Unarmed           |    36 |    31 |       |       ||    67
       Dagger            |       |    17 |   212 |       ||   229
       Short sword       |       |       |   169 |   165 ||   334
Throw: Tomahawk          |       |     7 |    28 |    14 ||    49
 Cast: Shock             |   106 |   116 |    49 |    14 ||   285
       Airstrike         |       |       |    13 |   140 ||   153
 Abil: Blink             |       |       |       |     2 ||     2
Evoke: Wand              |       |       |       |     1 ||     1
  Use: Potion            |     1 |     2 |     2 |       ||     5
       Scroll            |     4 |     3 |     9 |     3 ||    19
 Stab: Sleeping          |       |       |     1 |       ||     1
       Distracted        |       |       |       |     1 ||     1
  Eat: Chunk             |     4 |    18 |    20 |    12 ||    54
Armor: Robe              |    30 |    10 |       |       ||    40
       Leather armour    |       |     1 |   142 |    58 ||   201
       Troll leather arm |       |       |       |    42 ||    42
Dodge: Dodged            |    58 |    52 |   194 |   126 ||   430
